 Dungeon Crawl Stone Soup version 0.31-a0-255-g9c3d1c461a (webtiles) character file.

Game seed: 13687422468147078553

200 qw the Shooter (level 5, -3/31 HPs)
             Began as a Gargoyle Hexslinger on July 12, 2023.
             Slain by an orc warrior
             ... wielding a +0 dire flail
              (6 damage)
             ... on level 4 of the Dungeon.
             The game lasted 00:01:16 (2729 turns).

qw the Shooter (Gargoyle Hexslinger)                Turns: 2729, Time: 00:01:17

Health: -3/31      AC: 12    Str: 11    XL:     5   Next: 79%
Magic:  6/6        EV: 10    Int: 12    God:
Gold:   190        SH:  0    Dex: 18    Spells: 5/6 levels left

rFire   . . .        Y - +1 sling
rCold   . . .        (no shield)
rNeg    + . .        j - +0 ring mail
rPois   inf          (no helmet)
rElec   +            e - +0 cloak
rCorr   .            b - +0 pair of gloves
SInv    .            f - +0 pair of boots
Will    .....        (no amulet)
Stlth   +            (no ring)
HPRegen 0.25/turn    (no ring)
MPRegen 0.10/turn

%: no passive effects
@: no status effects
A: sickness immunity, AC +4, negative energy resistance 1, electricity
resistance, torment resistance 1, petrification resistance, agile 1, screaming
1, MP-powered wands
a: no special abilities


You were on level 4 of the Dungeon.
You visited 1 branch of the dungeon, and saw 4 of its levels.

You collected 190 gold pieces.


Innate Abilities, Weirdness & Mutations

You are immune to sickness and miasma.
Your stone body is resilient. (AC +4)
You are immune to poison.
You resist negative energy. (rN+)
You are resistant to electric shocks. (rElec)
You are resistant to unholy torment.
You are immune to petrification.
You are agile. (Dex +4, Str/Int -1)
You occasionally shout uncontrollably at your foes.
You expend magic power (3 MP) to strengthen your wands.


   Skills:
 + Level 2.7 Fighting
 - Level 5.1 Ranged Weapons
 - Level 1.0 Armour
 - Level 1.5 Dodging
 - Level 1.0 Spellcasting
 - Level 2.6 Hexes


You had 5 spell levels left.
You knew the following spells:

 Your Spells              Type           Power      Damage    Failure   Level
a - Slow                  Hex            28%        N/A       24%         1

Your spell library contained the following spells:

 Spells                   Type           Power      Damage    Failure   Level
 Inner Flame              Hex/Fire       3%         N/A       77%         3
 Portal Projectile        Hex/Tloc       6%         N/A       77%         3
 Cause Fear               Hex            3%         N/A       93%         4

Inventory:

Hand Weapons
 Y - a +1 sling (weapon)
Armour
 b - a +0 pair of gloves (worn)
 e - a +0 cloak (worn)
 f - a +0 pair of boots (worn)
 j - a +0 ring mail (worn)
Scrolls
 h - a scroll of identify
Potions
 c - a potion of enlightenment
 i - a potion of curing
 k - a potion of might
 l - a potion of mutation

Dungeon Overview and Level Annotations

Branches:
Dungeon (4/15)
 Temple: D:4-7

Altars:


Message History

The sling bullet closely misses the orc warrior.
You hear a shout!
The orc warrior hits you with a +0 dire flail.
You hear a shout!
You shoot a sling bullet.
The sling bullet barely misses the orc warrior.
A goblin comes into view. It is wielding a +0 club.
The orc warrior hits you but does no damage.
The orc warrior closely misses you.
The goblin moves out of view.
You shoot a sling bullet. The sling bullet hits the orc warrior.
The orc warrior is moderately wounded.
An orc comes into view. It is wielding a +0 dagger.
The orc warrior hits you with a +0 dire flail!
You shoot a sling bullet. The goblin shouts!
The sling bullet hits the orc warrior.
The orc warrior is heavily wounded.
The orc warrior hits you with a +0 dire flail.
You shoot a sling bullet.
The sling bullet barely misses the orc warrior.
The orc warrior hits you with a +0 dire flail. x2
The orc priest begins to cast a cantrip, but forgets the words!
You shoot a sling bullet.
The sling bullet barely misses the orc warrior.
The orc warrior hits you with a +0 dire flail.
The orc priest casts a cantrip, but nothing happens.
You shoot a sling bullet. The sling bullet hits the orc warrior.
The orc warrior is severely wounded.
The orc warrior closely misses you.
You shoot a sling bullet.
The sling bullet closely misses the orc warrior.
The goblin hits you but does no damage.
The orc warrior hits you with a +0 dire flail.
You shoot a sling bullet. The sling bullet hits the orc warrior.
The orc warrior is severely wounded.
The goblin closely misses you.
The orc priest looks encouraged for a moment.
The orc warrior closely misses you. The goblin hits you but does no damage.
The orc warrior hits you with a +0 dire flail.
You die...

#..... #.... #. #...
#. # #.. #< #. #.# #
#. #.. ##.####.# #. .o
##).#... #.
#o##g#.#.#### #.
#o@##.)....#######%
########...##.........
.........####........#
####.....+..'<.......+
#.....####........#
#.....# #........#
#.....# #........#
####### #..).....#
#####.....


You could see an orc warrior, an orc priest, an orc and a goblin.

Vanquished Creatures
  Natasha (twice) (D:3)
  An orc wizard (D:4)
  An adder (D:2)
  3 gnolls (D:3)
  3 worms
  2 dart slugs
  7 orcs
  6 ball pythons
  4 bats
  11 endoplasms
  A giant cockroach (D:2)
  9 goblins
  2 hobgoblins (D:1)
  3 quokkas
  3 frilled lizards
  8 kobolds
  4 rats
70 creatures vanquished.

Notes
Turn   | Place    | Note
-------+----------+-------------------------------------------
     0 | D:1      | qw the Gargoyle Hexslinger began the quest for the Orb.
     0 | D:1      | Reached XP level 1. HP: 12/12 MP: 2/2
     0 | D:1      | 0 ||| qw: Version: 0.3-a-52-g30416fa
     0 | D:1      | 0 ||| qw: Game counter: 6686
     0 | D:1      | 0 ||| qw: Melee chars always use a shield: true
     0 | D:1      | 0 ||| qw: God list: Okawaru
     0 | D:1      | 0 ||| qw: Allow faded altars: false
     0 | D:1      | 0 ||| qw: Do Orc after clearing Dungeon:15 true
     0 | D:1      | 0 ||| qw: Do second Lair branch before Depths: true
     0 | D:1      | 0 ||| qw: Lair rune preference: random
     0 | D:1      | 0 ||| qw: Goals: Normal
     0 | D:1      | 0 ||| PLANNING D:1-11
   142 | D:1      | Reached XP level 2. HP: 11/16 MP: 3/3
   143 | D:1      | 143 ||| FLEEEEING.
   144 | D:1      | 144 ||| FLEEEEING.
   145 | D:1      | 145 ||| FLEEEEING.
   146 | D:1      | 146 ||| FLEEEEING.
   147 | D:1      | 147 ||| FLEEEEING.
   148 | D:1      | 148 ||| FLEEEEING.
   149 | D:1      | 149 ||| FLEEEEING.
   150 | D:1      | 150 ||| FLEEEEING.
   151 | D:1      | 151 ||| FLEEEEING.
   152 | D:1      | 152 ||| FLEEEEING.
   153 | D:1      | 153 ||| FLEEEEING.
   154 | D:1      | 154 ||| FLEEEEING.
   155 | D:1      | 155 ||| FLEEEEING.
   157 | D:1      | 157 ||| FLEEEEING.
   158 | D:1      | 158 ||| FLEEEEING.
   250 | D:1      | Reached skill level 3 in Ranged Weapons
   514 | D:1      | Reached XP level 3. HP: 21/21 MP: 4/4
   655 | D:1      | 655 ||| UPGRADING to +0 cloak.
   660 | D:1      | 660 ||| UPGRADING to +0 ring mail.
   670 | D:1      | 670 ||| DROPPING +0 robe.
   671 | D:1      | 671 ||| READING 4 scrolls labelled DUIZEN ELAO.
   672 | D:1      | 672 ||| READING scroll labelled SAZITHRIH PUSSA.
   673 | D:1      | 673 ||| READING 3 scrolls labelled ZEASHR SENIO.
   674 | D:1      | 674 ||| DRINKING 2 purple potions.
   675 | D:1      | 675 ||| READING 2 scrolls of identify.
   675 | D:1      | 675 ||| IDENTIFYING emerald potion
   676 | D:1      | 676 ||| DROPPING 3 scrolls of fog.
   677 | D:1      | 677 ||| DROPPING scroll of poison.
   687 | D:2      | 687 ||| STAIRDANCE
   769 | D:2      | Reached skill level 1 in Armour
  1053 | D:2      | Reached XP level 4. HP: 26/26 MP: 5/5
  1565 | D:2      | 1565 ||| UPGRADING to +0 pair of gloves.
  1570 | D:2      | 1570 ||| DROPPING amulet of magic regeneration.
  1571 | D:2      | 1571 ||| READING scroll labelled GEUNOTW PAENTEKH.
  1576 | D:2      | 1576 ||| READING scroll labelled EGRIV NOIR.
  1577 | D:2      | 1577 ||| READING scroll labelled SIVOFU NOHIOCE.
  1821 | D:3      | Reached skill level 4 in Ranged Weapons
  2011 | D:3      | Noticed Natasha
  2025 | D:3      | Killed Natasha
  2026 | D:3      | Reached XP level 5. HP: 11/30 MP: 6/6
  2057 | D:3      | 2057 ||| FLEEEEING.
  2058 | D:3      | 2058 ||| FLEEEEING.
  2059 | D:3      | 2059 ||| FLEEEEING.
  2060 | D:3      | 2060 ||| FLEEEEING.
  2061 | D:3      | 2061 ||| FLEEEEING.
  2073 | D:3      | 2073 ||| FLEEEEING.
  2074 | D:3      | 2074 ||| FLEEEEING.
  2075 | D:3      | 2075 ||| FLEEEEING.
  2076 | D:3      | 2076 ||| STAIRDANCE
  2099 | D:2      | 2099 ||| UPGRADING to +0 pair of boots.
  2104 | D:2      | 2104 ||| READING scroll labelled ZYPOSOHUPI.
  2105 | D:2      | 2105 ||| READING scroll labelled LIDEYT PIBIOZE.
  2106 | D:2      | 2106 ||| DRINKING 2 fuming orange potions.
  2107 | D:2      | 2107 ||| DRINKING 2 glowing amethyst potions.
  2107 | D:2      | Gained mutation: You expend magic power (3 MP) to
                  | strengthen your wands. [potion of mutation]
  2107 | D:2      | Gained mutation: You occasionally shout uncontrollably at
                  | your foes. [potion of mutation]
  2107 | D:2      | Gained mutation: You are agile. (Dex +4, Str/Int -1)
                  | [potion of mutation]
  2108 | D:2      | 2108 ||| READING 3 scrolls of identify.
  2108 | D:2      | 2108 ||| IDENTIFYING orange potion
  2109 | D:2      | 2109 ||| READING 2 scrolls of identify.
  2109 | D:2      | 2109 ||| IDENTIFYING fizzy silvery potion
  2110 | D:2      | 2110 ||| DROPPING potion of magic.
  2272 | D:3      | Noticed Natasha
  2280 | D:3      | Killed Natasha
  2281 | D:3      | Reached skill level 5 in Ranged Weapons
  2483 | D:4      | Noticed an ogre
  2488 | D:4      | HP: 2/30 [ogre/+0 giant spiked club (28)]
  2489 | D:4      | 2489 ||| READING scroll of teleportation.
  2490 | D:4      | 2490 ||| DRINKING potion of heal wounds.
  2713 | D:4      | Noticed an orc warrior
  2725 | D:4      | HP: 5/31 [orc warrior/+0 dire flail (6)]
  2728 | D:4      | HP: 2/31 [orc warrior/+0 dire flail (3)]
  2729 | D:4      | Slain by an orc warrior

Levels and vault maps discovered:
D:1:      dpeg_arrival_short_road, layout_basic, serial_glass, glass_columns_a,
          glass_columns_c
D:2:      minmay_evil_eye, layout_basic
D:3:      layout_loops_ring, uniq_natasha
D:4:      layout_basic, chequers_mini_garden, guppyfry_early_orc_mine

Skill      XL: |  1  2  3  4  5 |
---------------+----------------+-----
Ranged Weapons | 3 4 5 |  5.1
Fighting       | 2 |  2.7
Armour         | 1 |  1.0
Dodging        | |  1.5
Spellcasting   | |  1.0
Hexes          | |  2.6

Action                     |  1- 3 |  4- 6 || total
---------------------------+-------+-------++-------
   Fire: Sling             |   140 |   164 ||   304
    Use: Scroll            |     4 |     8 ||    12
         Potion            |     1 |     3 ||     4
 Armour: Robe              |    12 |       ||    12
         Ring mail         |    22 |    36 ||    58
  Dodge: Dodged            |    35 |    46 ||    81

Table legend:
 A = Non-vault XP
 B = Vault XP
 C = Vault XP percentage of total XP
 D = Non-vault monster count
 E = Vault monster count
 F = Vault count percentage of total count
                 A         B        C        D         E       F
            +---------+---------+-------+---------+---------+-------
      Total |     209 |      78 |  27.2 |      65 |       5 |   7.1
            +---------+---------+-------+---------+---------+-------
        D:1 |      45 |       0 |   0.0 |      25 |       0 |   0.0
        D:2 |      43 |       2 |   4.4 |      19 |       1 |   5.0
        D:3 |     119 |      35 |  22.7 |      20 |       1 |   4.8
        D:4 |       2 |      41 |  95.3 |       1 |       3 |  75.0
            +---------+---------+-------+---------+---------+-------
